Map: Overgrown Facility

Players

JohnRambo - Winner!

  • Race: Terran Terran
  • League: Diamond
  • Spawn Location: 3:00

Adversity - Winner!

  • Race: Terran Terran
  • Spawn Location: 1:00

BruceLee

  • Race: Terran Terran
  • Spawn Location: 9:00

Weon

  • Race: Zerg Zerg
  • Spawn Location: 7:00

VOD

Have the link to the VOD?

Description

Time

  • Played on: July 14, 2018, 2:56 p.m.
  • Length: 4:37
Show
View Real Time Build Order
Export as new Build Order

JohnRambo Terran - Winner!

Build Orders: Cyclone Opening 

Get SALT Encoding   

  12  0:01  SCV  
  13  0:13  SCV  
  14  0:18  Supply Depot  
  14  0:25  SCV  
  15  0:30  Refinery  
  15  0:40  SCV  
  16  0:47  Barracks  
  16  0:52  SCV  
  17  0:57  Refinery  
  17  1:05  SCV  
  18  1:17  SCV  
  19  1:37  Reaper  
  19  1:39  Orbital Command  
  20  1:43  Factory  
  21  2:08  SCV  
  21  2:13  Supply Depot  
  21  2:19  Barracks Reactor  
  21  2:20  SCV  
  22  2:32  SCV  
  22  2:34  Cyclone  
  25  2:54  SCV  
  25  2:57  Marine x2  
  28  3:02  Starport  
  28  3:06  Cyclone  
  31  3:20  Marine x2, SCV  
  29  3:37  SCV  
  29  3:38  Marine  
  31  3:42  Factory Tech Lab  
  31  3:47  Command Center  
  31  3:49  Cyclone  
  31  3:52  Medivac  
  36  4:07  SCV  
  36  4:08  Marine x2  
  39  4:22  Engineering Bay  
  39  4:23  Supply Depot  
  39  4:25  Starport Tech Lab  
  39  4:33  Factory Tech Lab  
Show
View Real Time Build Order
Export as new Build Order

Adversity Terran - Winner!

Build Orders:  

Get SALT Encoding   

  12  0:02  SCV  
  13  0:14  SCV  
  13  0:19  Supply Depot  
  14  0:26  SCV  
  15  0:30  Refinery  
  15  0:40  SCV  
  16  0:46  Barracks  
  16  0:52  SCV  
  17  1:04  SCV  
  17  1:08  Barracks  
  18  1:19  SCV  
  19  1:29  Barracks  
  19  1:34  Reaper  
  20  1:42  Orbital Command  
  20  1:55  Reaper  
  20  1:56  Supply Depot  
  21  2:01  Refinery  
  21  2:06  Reaper  
  22  2:09  SCV  
  23  2:17  Reaper  
  23  2:21  Supply Depot  
  24  2:24  SCV  
  24  2:27  Reaper  
  26  2:36  SCV  
  27  2:39  Reaper  
  28  2:49  Reaper  
  28  2:59  Reaper  
  28  3:00  SCV  
  28  3:12  Reaper  
  27  3:14  SCV  
  26  3:27  Barracks  
  26  3:28  Barracks  
  26  3:45  Reaper  
  26  3:48  SCV  
  25  3:56  Reaper  
  24  4:05  Reaper  
  24  4:06  SCV  
  24  4:09  Supply Depot  
  28  4:19  SCV  
Show
View Real Time Build Order
Export as new Build Order

BruceLee Terran 

Build Orders:  

Get SALT Encoding   

  12  0:03  SCV  
  13  0:15  SCV  
  13  0:20  Supply Depot  
  14  0:27  SCV  
  15  0:42  Barracks  
  15  0:54  Barracks  
  15  1:01  Refinery  
  15  1:07  Refinery  
  15  1:10  SCV  
  16  1:22  SCV  
  17  1:34  SCV  
  18  1:40  Barracks Tech Lab  
  18  1:50  Barracks Tech Lab  
  18  1:58  Marauder  
  20  2:08  Concussive Shells  
  20  2:10  Marauder  
  22  2:18  Supply Depot  
  22  2:29  Orbital Command  
  22  2:40  Marauder  
  24  3:09  Marauder x2  
  28  3:30  Marauder  
  30  3:52  Marauder  
  30  3:57  Marauder  
  22  4:13  Marauder  
Show
View Real Time Build Order
Export as new Build Order

Weon Zerg 

Build Orders: 1 Base Baneling Bust, Pool Only 

Get SALT Encoding   

  12  0:01  Drone  
  13  0:17  Extractor  
  12  0:25  Spawning Pool  
  11  0:29  Drone  
  11  0:34  Drone  
  13  0:39  Drone  
  14  0:50  Overlord  
  14  1:12  Zergling x2  
  14  1:13  Zergling x4  
  14  1:18  Metabolic Boost  
  17  1:23  Zergling x2  
  18  1:33  Queen  
  20  1:42  Overlord  
  20  1:52  Baneling Nest  
  19  1:55  Zergling x2  
  20  2:05  Zergling x2  
  20  2:07  Zergling x2  
  21  2:21  Zergling x2  
  22  2:28  Zergling x2  
  23  2:42  Zergling x2  
  23  2:46  Baneling  
  23  2:47  Baneling x2  
  23  2:49  Zergling x2  
  24  3:02  Baneling  
  22  3:06  Zergling x6  
  22  3:09  Zergling x2  
  23  3:23  Zergling x2  
  22  3:38  Zergling x2  
  23  3:44  Zergling x2  
  22  3:51  Baneling  
  22  3:55  Zergling x2  
  21  3:56  Zergling x4  
  21  3:59  Zergling x2  
Tags
 
Add a new tag
Caveats
  • Supply blocks, unpowered buildings, or Contaminate may cause inaccurate times.
  • Supply counts are checked every 10 seconds.